AoeStats
← karimolmedo

Arabia

507891182Analyzed
1v1 RM · 13d ago on Sep 20, 2026· 44m 46s· 2 players
Game mode
Random Map
Map size
Tiny (2 player)
Population
200
Speed
Normal
Resources
Standard
Victory
Conquest
Starting age
Dark Age
Ending age
Imperial Age
RankedLock teamsTeams togetherTeam positionsShared explorationLock speedFull tech treeHidden civsTurbo modeCheats
Victory
Defeat
🇦🇷 Spanish · Argentina
874
+17
🇻🇳 Mongols · Vietnam
904
-17
karimolmedo
11:05 Feudal Age
10:02 Loom
15:35 Castle Age
25:30 Town Watch
28:12 Redemption
34:40 Imperial Age
33:01 Double-Bit Axe
QuynhQuang2505
8:52 Feudal Age
12:58 Double-Bit Axe
12:55 Horse Collar
21:27 Castle Age
20:23 Fletching
20:32 Gold Mining
44:34 Bodkin Arrow
Connection lost

Rejoining the realm…

Still unreachable

The connection could not be restored.

Session expired

The server has moved on; the page needs a fresh start.